 Dungeon Crawl Stone Soup version 0.24-a0-217-g1152973 (console) character file.

Game seed: 17073044962236446353

12898 bli the Thaumaturge (level 11, -10/56 HPs)
             Began as a Deep Elf Earth Elementalist on Mar 29, 2019.
             Was a Priest of Vehumet.
             Mangled by a spiny frog (21 damage)
             ... on level 3 of the Lair of Beasts.
             The game lasted 01:13:04 (11129 turns).

bli the Thaumaturge (Deep Elf Earth Elementalist)  Turns: 11129, Time: 01:13:05

Health: -10/56     AC:  4    Str:  5    XL:     11   Next: 68%
Magic:  19/31      EV: 17    Int: 23    God:    Vehumet [***...]
Gold:   560        SH:  0    Dex: 16    Spells: 6/39 levels left

rFire    . . .     SeeInvis .   R - +2 whip (freeze)
rCold    . . .     Gourm    .   (no shield)
rNeg     . . .     Faith    .   c - +0 robe {MR+}
rPois    .         Spirit   .   F - +0 helmet
rElec    .         Reflect  .   S - scarf {repulsion}
rCorr    .         Harm     .   (no gloves)
MR       ++...                  r - +0 pair of boots
Stlth    ++++......             H - amulet of the acrobat
HPRegen  0.18/turn              k - ring of stealth
MPRegen  0.22/turn              P - ring of wizardry

@: lethally poisoned (-10 -> -23), very slightly contaminated, repel missiles
A: no striking features
a: Renounce Religion


You were on level 3 of the Lair of Beasts.
You worshipped Vehumet.
Vehumet was most pleased with you.
You were not hungry.

You visited 3 branches of the dungeon, and saw 13 of its levels.

You collected 590 gold pieces.
You spent 30 gold pieces at shops.

Inventory:

Hand Weapons
 b - a +0 blowgun
 R - a +2 whip of freezing (weapon)
 U - a +1 trident of protection
 W - a +1 shortbow of velocity
 Y - a cursed +4 dagger
Missiles
 e - 149 arrows
 A - 13 javelins
 E - 30 poisoned needles
 G - 158 stones (quivered)
Armour
 c - a +0 robe of magic resistance (worn)
 r - a +0 pair of boots (worn)
 s - a +0 buckler
 F - a +0 helmet (worn)
 O - a +2 cloak of invisibility
 S - a scarf of repulsion (worn)
Jewellery
 k - a ring of stealth (left hand)
 y - a +2 ring of strength
 H - an amulet of the acrobat (around neck)
 P - a ring of wizardry (right hand)
Wands
 m - a wand of iceblast (20)
 t - a wand of random effects (24)
 B - a wand of digging (4)
 J - a wand of flame (59)
 M - a wand of polymorph (6)
 T - a wand of paralysis (15)
 X - a wand of disintegration (23)
Scrolls
 f - 8 scrolls of teleportation
 h - 6 scrolls of immolation
 j - 4 scrolls of enchant weapon
 n - 4 scrolls of enchant armour
 o - 4 scrolls of amnesia {unknown}
 p - 3 scrolls of magic mapping {unknown}
 q - a scroll of holy word {unknown}
 x - 5 scrolls of remove curse
 z - 3 scrolls of fear {unknown}
 C - 2 scrolls of blinking {unknown}
 I - 2 scrolls of random uselessness {unknown}
 N - 3 scrolls of vulnerability
 Z - a scroll of acquirement {unknown}
Potions
 a - a potion of mutation {unknown}
 g - 4 potions of heal wounds
 i - 2 potions of ambrosia
 l - 2 potions of lignification {unknown}
 u - 4 potions of curing
 v - 2 potions of brilliance
 D - 2 potions of haste {unknown}
 K - a potion of might
 L - 2 potions of cancellation {unknown}
 V - a potion of invisibility
Miscellaneous
 Q - a box of beasts
Comestibles
 d - 10 rations
 w - 3 chunks of flesh


   Skills:
 + Level 1.4 Fighting
 + Level 1.0 Armour
 + Level 6.8 Dodging
 + Level 6.1 Stealth
 * Level 14.9 Spellcasting
 + Level 6.3 Conjurations
 * Level 0.9 Necromancy
 + Level 1.1 Transmutations
 + Level 4.0 Fire Magic
 + Level 2.5 Ice Magic
 + Level 11.5 Earth Magic


You had 6 spell levels left.
You knew the following spells:

 Your Spells              Type           Power        Failure   Level  Hunger
a - Stone Arrow           Conj/Erth      ######       1%          3    None
b - Sandblast             Erth           ######       1%          1    None
c - Throw Frost           Conj/Ice       #####.       1%          2    None
d - Lee's Rapid Deconstr  Erth           ######....   1%          5    ##.....
f - Freeze                Ice            ####         1%          1    None
l - Fireball              Conj/Fire      #####.....   1%          5    ##.....
s - Sticky Flame          Conj/Fire      #####...     1%          4    None
z - Dazzling Spray        Conj/Hex       ####..       1%          3    None
D - Vampiric Draining     Necr           ###.......   2%          3    None
P - Petrify               Tmut/Erth      #####...     1%          4    None
S - Swiftness             Chrm/Air       ###.....     2%          2    None

Your spell library contained the following spells:

 Spells                   Type           Power        Failure   Level  Hunger
 Animate Skeleton         Necr           N/A          1%          1    None
 Flame Tongue             Conj/Fire      #####        1%          1    None
 Infusion                 Chrm           ###.         1%          1    None
 Pain                     Necr           ###.         1%          1    None
 Shock                    Conj/Air       ####         1%          1    None
 Passwall                 Tmut/Erth      #####...     1%          2    None
 Throw Flame              Conj/Fire      #####.       1%          2    None
 Conjure Flame            Conj/Fire      #####...     1%          3    None
 Inner Flame              Hex/Fire       ####....     1%          3    None
 Static Discharge         Conj/Air       ####....     1%          3    None
 Shroud of Golubria       Chrm/Tloc      ###.......   2%          2    None
 Song of Slaying          Chrm           ###.....     2%          2    None
 Regeneration             Chrm/Necr      ###.......   3%          3    None
 Lightning Bolt           Conj/Air       ####......   3%          5    ##.....
 Spectral Weapon          Hex/Chrm       ###.....     4%          3    None
 Airstrike                Air            ###.......   4%          4    None
 Animate Dead             Necr           N/A          9%          4    None


Dungeon Overview and Level Annotations

Branches:
Dungeon (9/15)             Temple (1/1) D:6            Lair (3/6) D:8
 Shoals (0/4) Lair:2        Snake (0/4) Lair:3
    Orc: D:9-12

Altars:
Ashenzari
Cheibriados
Dithmenos
Elyvilon
Fedhas
Gozag
Hepliaklqana
Kikubaaqudgha
Makhleb
Nemelex Xobeh
Okawaru
Qazlal
Ru
Sif Muna
Trog
Uskayaw
Vehumet
Wu Jian
Xom
Yredelemnul
Zin
The Shining One

Shops:
D:5 !(=*   D:8 [

Annotations:
D:9 2 transporters, Orphidia's ghost, journeyman BaFi


Message History

Confirm with . or Enter, or press ? or * to list all spells.
Aiming: Vampiric Draining (safe; 2% risk of failure)
Press: ? - help, Shift-Dir - straight line, f/p - spiny frog
Aim: a spiny frog (severely wounded)
The spiny frog is severely wounded.
You feel life coursing into your body. The spiny frog stings you!!
You are poisoned.
The spiny frog poisons you! The spiny frog stings you!!
* * * LOW HITPOINT WARNING * * *
Casting: Vampiric Draining (safe; 2% risk of failure)
Confirm with . or Enter, or press ? or * to list all spells.
Aiming: Sticky Flame (safe; 1% risk of failure)
Press: ? - help, Shift-Dir - straight line, f/p - spiny frog
Aim: a spiny frog (severely wounded)
The sticky flame hits the spiny frog but does no damage.
The spiny frog is severely wounded.
The spiny frog is covered in liquid flames!
* * * LOW HITPOINT WARNING * * *
You feel sick.
The spiny frog burns!
The spiny frog stings you!!
You die...

... P#. . # ....... ..#.
#.# ....... ... .# #..#
....... #..##.## #.#.#
....!..##..#..P# #....
.......P....#.## #....
..............P# #.##.
..............P# #.###
.......@......P#####.##.
......F#...##.P#..#..#..
.......##...#.........P.
....$.. #..##...........
....... #.....######....
....... #.....# #....
..............# .....
######........# #....P
##........# ##.###
#.........# #.#
≈.......P##


You could see a spiny frog (burning).

Vanquished Creatures
  2 hydras
  A catoblepas (Lair:2)
  Pikel (D:5)
  5 spiny frogs
  Psyche (D:9)
  Maurice (D:9)
  3 elephants (Lair:2)
  2 komodo dragons (Lair:2)
  A hornet (D:9)
  Prince Ribbit (D:6)
  4 hippogriffs
  Sigmund (D:6)
  A wraith (D:9)
  A spriggan (Lair:2)
  6 yaks
  Edmund (D:5)
  2 nagas (Lair:3)
  2 water moccasins
  2 porcupines
  2 orc warriors
  A black bear (D:9)
  2 ogres
  An ice beast (D:6)
  A phantom (D:6)
  A centaur (D:7)
  5 crocodiles
  3 big kobolds
  A gnoll sergeant (D:8)
  9 bullfrogs
  2 scorpions
  2 jellies
  7 wights
  4 howler monkeys
  An electric eel (Lair:3)
  4 crimson imps
  A quasit (D:8)
  A bullfrog skeleton (D:8)
  2 orc priests
  2 centaur skeletons
  2 iguanas (D:6)
  7 orc wizards
  2 worker ants (D:8)
  A hound zombie (D:9)
  A howler monkey zombie (D:6)
  10 adders
  5 gnolls (D:8)
  2 shadow imps
  An ooze (D:5)
  A worm (D:2)
  3 dart slugs
  4 leopard geckos
  12 orcs
  A ball python (D:7)
  7 giant cockroaches
  5 goblins
  6 hobgoblins
  10 jackals
  20 kobolds
  6 quokkas
  3 bats
  3 frilled lizards
  A leopard gecko skeleton (D:4)
  2 quokka skeletons
  A quokka zombie (D:8)
  9 rats
  A fungus (Lair:2)
  7 plants (Lair:2)
223 creatures vanquished.

Vanquished Creatures (collateral kills)
  An elephant (Lair:2)
1 creature vanquished.

Vanquished Creatures (others)
  A human (D:6)
  10 fungi (Lair:2)
  13 plants (Lair:2)
24 creatures vanquished.

Grand Total: 248 creatures vanquished

Notes
Turn   | Place    | Note
-------+----------+-------------------------------------------
     0 | D:1      | bli the Deep Elf Earth Elementalist began the quest for the
                  | Orb.
     0 | D:1      | Reached XP level 1. HP: 10/10 MP: 6/6
   475 | D:1      | Reached XP level 2. HP: 15/15 MP: 5/8
   932 | D:2      | Reached XP level 3. HP: 17/19 MP: 5/9
   954 | D:2      | Found a shimmering altar of Xom.
  1035 | D:2      | Learned a level 3 spell: Stone Arrow
  1777 | D:3      | Found a blossoming altar of Fedhas.
  1783 | D:3      | Found a stormy altar of Qazlal.
  1896 | D:3      | Reached XP level 4. HP: 22/24 MP: 11/11
  2535 | D:4      | Noticed an ogre
  2541 | D:4      | Killed an ogre
  2541 | D:4      | Reached skill level 4 in Spellcasting
  2541 | D:4      | Reached skill level 5 in Earth Magic
  2541 | D:4      | Reached XP level 5. HP: 28/28 MP: 6/13
  2669 | D:4      | Found a sparkling altar of Nemelex Xobeh.
  2820 | D:4      | Found a glowing silver altar of Zin.
  2833 | D:4      | Found a burning altar of Makhleb.
  2911 | D:4      | Found a deep blue altar of Sif Muna.
  3034 | D:5      | Entered Level 5 of the Dungeon
  3039 | D:5      | Reached skill level 5 in Spellcasting
  3048 | D:5      | Learned a level 4 spell: Petrify
  3065 | D:5      | Reached XP level 6. HP: 18/32 MP: 12/15
  3129 | D:5      | Found Acysoo's Jewellery Shoppe.
  3180 | D:5      | Found Naadiem's Antique Weapon Boutique.
  3561 | D:5      | Found Daddaru's Gadget Boutique.
  3668 | D:5      | Noticed a slave
  3668 | D:5      | Noticed a slave
  3676 | D:5      | Learned a level 5 spell: Lee's Rapid Deconstruction
  3719 | D:5      | Found Testriuma's General Store.
  3758 | D:5      | Noticed Pikel
  3758 | D:5      | Noticed a slave
  3759 | D:5      | Noticed a slave
  3767 | D:5      | Killed Pikel
  3767 | D:5      | Reached skill level 7 in Spellcasting
  3767 | D:5      | Reached skill level 1 in Conjurations
  3767 | D:5      | Reached XP level 7. HP: 25/36 MP: 5/19
  3812 | D:5      | Noticed Edmund
  3851 | D:5      | Killed Edmund
  4231 | D:5      | Reached XP level 8. HP: 41/41 MP: 18/21
  4287 | D:5      | Found Quxaunoph's Distillery.
  4295 | D:5      | Bought a potion of curing for 30 gold pieces
  4420 | D:6      | Found an ancient bone altar of Kikubaaqudgha.
  4458 | D:6      | Reached skill level 8 in Spellcasting
  4539 | D:6      | Reached skill level 5 in Dodging
  4648 | D:6      | Reached skill level 9 in Spellcasting
  4695 | D:6      | Noticed Prince Ribbit
  4772 | D:6      | Killed Prince Ribbit
  4772 | D:6      | Noticed Sigmund
  4781 | D:6      | Killed Sigmund
  4781 | D:6      | Reached XP level 9. HP: 46/46 MP: 3/24
  4937 | D:6      | Found a staircase to the Ecumenical Temple.
  4945 | Temple   | Entered the Ecumenical Temple
  4999 | Temple   | Became a worshipper of Vehumet
  5591 | D:7      | Reached skill level 10 in Spellcasting
  5648 | D:7      | Reached skill level 5 in Stealth
  5697 | D:7      | Found a sacrificial altar of Ru.
  5749 | D:7      | Reached * piety under Vehumet
  5749 | D:7      | Offered knowledge of Freeze by Vehumet.
  5810 | D:7      | Learned a level 1 spell: Freeze
  5878 | D:7      | Found a glowing golden altar of the Shining One.
  5884 | D:7      | Learned a level 4 spell: Sticky Flame
  6136 | D:7      | Found an ancient bone altar of Kikubaaqudgha.
  6271 | D:8      | Found Duxene Nimu's Armour Shop.
  6364 | D:8      | Found a staircase to the Lair.
  6399 | D:8      | Reached skill level 11 in Spellcasting
  6477 | D:8      | Learned a level 2 spell: Swiftness
  7070 | D:9      | Noticed Psyche
  7133 | D:9      | Killed Psyche
  7133 | D:9      | Reached XP level 10. HP: 51/51 MP: 18/27
  7153 | D:9      | Found a shimmering altar of Xom.
  7153 | D:9      | Found a shimmering altar of Xom.
  7153 | D:9      | Found a shimmering altar of Xom.
  7153 | D:9      | Found a shimmering altar of Xom.
  7154 | D:9      | Found a shimmering altar of Xom.
  7155 | D:9      | Found a shimmering altar of Xom.
  7157 | D:9      | Noticed Maurice
  7160 | D:9      | Found a shimmering altar of Xom.
  7332 | D:9      | Found a transporter.
  7340 | D:9      | Noticed Orphidia's ghost (journeyman BaFi)
  7345 | D:9      | Noticed a moth of wrath
  7352 | D:9      | Found a transporter.
  7522 | D:9      | Noticed a death drake
  7528 | D:9      | Reached skill level 12 in Spellcasting
  7532 | D:9      | Reached ** piety under Vehumet
  7532 | D:9      | Offered knowledge of Throw Frost by Vehumet.
  7548 | D:9      | Killed Maurice
  7548 | D:9      | Reached skill level 1 in Fighting
  7548 | D:9      | Reached skill level 1 in Armour
  7548 | D:9      | Reached skill level 10 in Earth Magic
  7706 | D:9      | Found a shadowy altar of Dithmenos.
  8114 | Lair:1   | Entered Level 1 of the Lair of Beasts
  8129 | Lair:1   | Learned a level 2 spell: Throw Frost
  8240 | Lair:1   | Noticed a five-headed hydra
  8247 | Lair:1   | Killed a five-headed hydra
  8476 | Lair:1   | Reached skill level 13 in Spellcasting
  8673 | Lair:1   | Learned a level 5 spell: Fireball
  9100 | Lair:2   | Noticed a spiny frog
  9105 | Lair:2   | Killed a spiny frog
  9105 | Lair:2   | Reached skill level 1 in Ice Magic
  9108 | Lair:2   | Found a staircase to the Shoals.
  9171 | Lair:2   | Noticed a spiny frog
  9172 | Lair:2   | Reached skill level 5 in Conjurations
  9177 | Lair:2   | Noticed a spiny frog
  9178 | Lair:2   | Killed a spiny frog
  9178 | Lair:2   | Reached skill level 1 in Fire Magic
  9189 | Lair:2   | Killed a spiny frog
  9412 | Lair:2   | Noticed a spiny frog
  9444 | Lair:2   | Offered knowledge of Dazzling Spray by Vehumet.
  9444 | Lair:2   | Reached XP level 11. HP: 51/56 MP: 16/30
  9449 | Lair:2   | Learned a level 3 spell: Dazzling Spray
  9903 | Lair:2   | Reached *** piety under Vehumet
  9904 | Lair:2   | Noticed a catoblepas
  9959 | Lair:2   | Killed a catoblepas
  9959 | Lair:2   | Reached skill level 14 in Spellcasting
 10500 | Lair:2   | Noticed a six-headed hydra
 10505 | Lair:2   | Killed a six-headed hydra
 10821 | Lair:3   | Learned a level 3 spell: Vampiric Draining
 11008 | Lair:3   | Found a staircase to the Snake Pit.
 11129 | Lair:3   | Mangled by a spiny frog

Levels and vault maps discovered:
D:1:      dpeg_arrival_shrine, layout_loops_ring
D:2:      layout_loops_ring, xom_butterflies, glass_columns_c
D:3:      layout_basic, grunt_temple_overflow_forces_of_nature
D:4:      layout_basic, led_sif_book, nemelex_xobeh_ov_fountains_minmay,
          kennysheep_mini_moat, kennysheep_little_box
D:5:      layout_layer_cave, serial_shops, nicolae_shop_statue_plus,
          shop_statue, shop_statue, shop, shop, first_ration, uniq_edmund,
          uniq_pikel
D:6:      corexii_shack_village, layout_loops_ring,
          minmay_temple_entry_nine_rooms, tgw_kikubaaqudgha, uniq_sigmund,
          uniq_prince_ribbit1
D:7:      layout_loops_ring, kennysheep_mini,
          nicolae_ru_great_annihilating_truth, tso_metal_star
D:8:      layout_gridville, lair_entry_dummy, serial_shops,
          nicolae_shop_temple_entry_statues_fountains
D:9:      layout_loops_ring, grunt_dithmenos_shadows,
          gammafunk_ghost_berserking_beasts, xom_shifter_show, uniq_maurice,
          uniq_psyche
Temple:   minmay_temple_curvy_loop
Lair:1:   layout_big_grid, grunt_megastairs_4
Lair:2:   minmay_lair_venomous_thicket, layout_misc_corridors,
          elwin_shoals_entry_rocks, st_stairs_5, wad_woods_03
Lair:3:   layout_gridlike, minmay_snake_entry_guardpost_small,
          infiniplex_staircase_pool_2

Skill      XL: |  1  2  3  4  5  6  7  8  9 10 11 |
---------------+----------------------------------+-----
Earth Magic    | 4 5 7 8 9 10 11 | 11.5
Stealth        | 3 4 6 |  6.1
Dodging        | 3 4 5 6 |  6.8
Spellcasting   | 4 5 7 9 11 13 14 | 14.9
Conjurations   | 1 3 5 6 |  6.3
Fighting       | 1 |  1.4
Armour         | 1 |  1.0
Ice Magic      | 1 2 |  2.5
Fire Magic     | 1 4 |  4.0
Necromancy     | |  0.9
Transmutations | |  1.1

Action                   |  1- 3 |  4- 6 |  7- 9 | 10-12 || total
-------------------------+-------+-------+-------+-------++-------
Melee: Dagger            |    88 |    32 |    85 |       ||   205
       Unarmed           |     3 |       |       |       ||     3
       Trident           |       |       |       |   102 ||   102
       Whip              |       |       |       |    92 ||    92
Throw: Stone             |       |       |     3 |       ||     3
 Cast: Sandblast         |    24 |    40 |    87 |    55 ||   206
       Stone Arrow       |       |     7 |    34 |    38 ||    79
       Lee's Rapid Decon |       |       |    13 |    28 ||    41
       Throw Frost       |       |       |       |    46 ||    46
       Sticky Flame      |       |       |       |    18 ||    18
       Freeze            |       |       |       |    11 ||    11
       Dazzling Spray    |       |       |       |     4 ||     4
       Vampiric Draining |       |       |       |     1 ||     1
Evoke: Box of beasts     |       |       |       |     1 ||     1
  Use: Scroll            |       |       |     9 |     5 ||    14
       Potion            |       |       |       |     2 ||     2
 Stab: Sleeping          |    13 |     3 |    11 |       ||    27
       Distracted        |     1 |       |     1 |       ||     2
  Eat: Chunk             |     3 |     6 |     8 |    13 ||    30
       Ration            |       |       |     2 |       ||     2
Armor: Robe              |    17 |     9 |     2 |    14 ||    42
       Leather armour    |       |       |    20 |     2 ||    22
Dodge: Dodged            |    73 |    25 |    71 |    76 ||   245
       Deflected         |       |       |       |     1 ||     1

Table legend:
 A = Non-vault XP
 B = Vault XP
 C = Vault XP percentage of total XP
 D = Non-vault monster count
 E = Vault monster count
 F = Vault count percentage of total count
                 A         B        C        D         E       F
            +---------+---------+-------+---------+---------+-------
      Total |   12231 |    6196 |  33.6 |     175 |      41 |  19.0
            +---------+---------+-------+---------+---------+-------
        D:1 |      23 |       0 |   0.0 |      14 |       0 |   0.0
        D:2 |      63 |       0 |   0.0 |      17 |       0 |   0.0
        D:3 |      19 |       0 |   0.0 |      12 |       0 |   0.0
        D:4 |     143 |      76 |  34.7 |       7 |       2 |  22.2
        D:5 |     310 |     820 |  72.6 |      14 |       2 |  12.5
        D:6 |    1066 |     499 |  31.9 |      22 |      12 |  35.3
        D:7 |     733 |      40 |   5.2 |      15 |       4 |  21.1
        D:8 |    1233 |       0 |   0.0 |      27 |       0 |   0.0
        D:9 |     982 |     883 |  47.3 |      18 |       3 |  14.3
     Lair:1 |    1377 |     962 |  41.1 |       8 |       1 |  11.1
     Lair:2 |    5006 |    2593 |  34.1 |      15 |      15 |  50.0
     Lair:3 |    1276 |     323 |  20.2 |       6 |       2 |  25.0
            +---------+---------+-------+---------+---------+-------
